 Dungeon Crawl Stone Soup version 0.25-a0-424-g80bd347ae0 (webtiles) character file.

Game seed: 12531870685749047450, levelgen mode: deterministic

338 Alfie the Shooter (level 6, -5/47 HPs)
             Began as a Human Hunter on Jan 21, 2020.
             Slain by a gnoll (6 damage)
             ... on level 4 of the Dungeon.
             The game lasted 00:13:56 (2355 turns).

Alfie the Shooter (Human Hunter)                    Turns: 2355, Time: 00:13:56

Health: -5/47      AC:  5    Str: 14    XL:     6   Next: 85%
Magic:  6/6        EV: 12    Int: 11    God:
Gold:   162        SH:  0    Dex: 14    Spells: 5/5 levels left

rFire    . . .     SeeInvis .   a - +1 shortbow
rCold    . . .     Gourm    .   (shield currently unavailable)
rNeg     . . .     Faith    .   c - +2 leather armour
rPois    .         Spirit   .   (no helmet)
rElec    .         Reflect  .   (no cloak)
rCorr    .         Harm     .   (no gloves)
MR       .....                  (no boots)
Stlth    +.........             (no amulet)
HPRegen  0.15/turn              (no ring)
MPRegen  0.10/turn              (no ring)

@: no status effects
A: no striking features
a: no special abilities


You were on level 4 of the Dungeon.
You were not hungry.

You visited 1 branch of the dungeon, and saw 4 of its levels.

You collected 162 gold pieces.

Inventory:

Hand Weapons
 a - a +1 shortbow (weapon)
 b - a +0 short sword
Missiles
 d - 6 arrows (quivered)
Armour
 c - a +2 leather armour (worn)
Jewellery
 g - an uncursed ring of ice
 m - a cursed -3 ring of dexterity {unknown}
Scrolls
 e - a scroll of amnesia
 h - 3 scrolls of teleportation
Potions
 i - a potion of mutation {unknown}
 k - a potion of magic {unknown}
 p - a potion of invisibility {unknown}
Comestibles
 f - 6 rations


   Skills:
 + Level 3.2 Fighting
 + Level 6.8 Bows
 + Level 1.5 Armour
 + Level 2.3 Dodging
 + Level 1.0 Stealth


You had 5 spell levels left.
You didn't know any spells.
Your spell library was empty.

Dungeon Overview and Level Annotations

Branches:
Dungeon (4/15)
 Temple: D:4-7

Altars:


Message History

The howler monkey skeleton closely misses you.
The gnoll hits you but does no damage.
Firing (i - inventory)
d - 8 arrows (quivered)
Press: ? - help, Shift-Dir - straight line, f/p - howler monkey skeleton
Aim: a howler monkey skeleton (severely damaged)
You shoot an arrow.
The arrow hits the howler monkey skeleton!
You destroy the howler monkey skeleton!
The gnoll hits you but does no damage. x2
The gnoll hits you from afar with a +0 halberd!
* * * LOW HITPOINT WARNING * * *
Firing (i - inventory)
d - 7 arrows (quivered)
Press: ? - help, Shift-Dir - straight line, f - gnoll
Aim: a gnoll, wielding a +0 whip You shoot an arrow.
The arrow barely misses the gnoll.
The arrow hits the gnoll but does no damage.
The gnoll hits you with a +0 whip!
* * * LOW HITPOINT WARNING * * *
The gnoll hits you.
You die...

..... ...≈≈ ....≈≈
....≈≈ #....≈≈
####### .g...≈≈
#...#.###g....≈≈
......(#((()@g#
......(...###.....≈≈
.....>....# .....≈≈
.......S..# ..#..≈≈
......?...# .## .≈≈
........... .# ≈≈
........... ## ≈
..........#


You could see 3 gnolls.

Vanquished Creatures
  A howler monkey (D:4)
  A bullfrog skeleton (D:4)
  A hound (D:3)
  An orc priest (D:3)
  A howler monkey skeleton (D:4)
  5 adders
  3 gnolls (D:2)
  5 oozes
  3 worms
  A dart slug (D:3)
  2 leopard geckos (D:2)
  6 orcs
  2 ball pythons
  6 giant cockroaches
  8 goblins
  10 hobgoblins
  2 jackals (D:2)
  9 kobolds
  11 bats
  6 frilled lizards
  9 rats
93 creatures vanquished.

Notes
Turn   | Place    | Note
-------+----------+-------------------------------------------
     0 | D:1      | Alfie the Human Hunter began the quest for the Orb.
     0 | D:1      | Reached XP level 1. HP: 16/16 MP: 1/1
    33 | D:1      | Reached XP level 2. HP: 21/22 MP: 2/2
   119 | D:1      | Reached XP level 3. HP: 22/27 MP: 3/3
   613 | D:1      | Reached XP level 4. HP: 34/34 MP: 4/4
   815 | D:2      | Reached skill level 5 in Bows
   999 | D:2      | Reached XP level 5. HP: 27/40 MP: 5/5
  1635 | D:2      | Reached skill level 1 in Armour
  2106 | D:3      | Reached skill level 6 in Bows
  2106 | D:3      | Reached XP level 6. HP: 45/46 MP: 6/6
  2355 | D:4      | HP: 1/47 [gnoll/+0 whip (8)]
  2355 | D:4      | Slain by a gnoll

Levels and vault maps discovered:
D:1:      erik_arrival_gehennom, layout_basic
D:2:      layout_basic
D:3:      layout_loops_ring, first_ration, grunt_ministairs_5,
          due_unseen_surprise
D:4:      layout_rooms, gammafunk_ghost_gnarly_gnolls, minmay_small_thing

Skill      XL: |  1  2  3  4  5  6 |
---------------+-------------------+-----
Bows           | 5 6 |  6.8
Armour         | 1 |  1.5
Fighting       | 3 |  3.2
Dodging        | |  2.3
Stealth        | |  1.0

Action                   |  1- 3 |  4- 6 || total
-------------------------+-------+-------++-------
Melee: Short sword       |     2 |       ||     2
 Fire: Shortbow          |    77 |   202 ||   279
  Use: Scroll            |       |     8 ||     8
       Potion            |       |     2 ||     2
  Eat: Ration            |       |     2 ||     2
Armor: Leather armour    |    11 |    25 ||    36
Dodge: Dodged            |    22 |    81 ||   103

Table legend:
 A = Non-vault XP
 B = Vault XP
 C = Vault XP percentage of total XP
 D = Non-vault monster count
 E = Vault monster count
 F = Vault count percentage of total count
                 A         B        C        D         E       F
            +---------+---------+-------+---------+---------+-------
      Total |     410 |      73 |  15.1 |      82 |      11 |  11.8
            +---------+---------+-------+---------+---------+-------
        D:1 |      51 |      19 |  27.1 |      29 |       5 |  14.7
        D:2 |     134 |       3 |   2.2 |      31 |       1 |   3.1
        D:3 |     104 |      51 |  32.9 |      16 |       5 |  23.8
        D:4 |     121 |       0 |   0.0 |       6 |       0 |   0.0
            +---------+---------+-------+---------+---------+-------
